[Event "5th Schach960-Festival 2024"]
[Site "Berlin"]
[Date "2024.02.09"]
[Round "1.1"]
[White "Artukovic, Adis"]
[Black "Bluebaum, Matthias"]
[Result "0-1"]
[WhiteElo "2057"]
[BlackElo "2655"]
[Annotator "TA"]
[PlyCount "90"]
[EventDate "2024.02.08"]
[EventCountry "GER"]
[SourceTitle "playchess.com"]
[Source "ChessBase"]
[SourceQuality "1"]
[TimeControl "1500+30"]

1. d4 Nf6 2. c4 g6 3. Nc3 Bg7 4. e4 d6 5. Be2 O-O 6. Be3 c5 7. d5 e6 8. Nf3 exd5 9. cxd5 Nbd7 10. Nd2 Ne5 11. h3 Ne8 12. O-O f5 13. f4 Nf7 14. exf5 Bxf5 15. g4 Bd7 16. a4 Nc7 17. Nc4 b5 18. axb5 Nxb5 19. Nxb5 Bxb5 20. Qd2 Re8 21. Rae1 Rb8 22. b3 a5 23. Bf2 Qf6 24. Bd3 Qc3 25. Qxc3 Bxc3 26. Rc1 Bxc4 27. Bxc4 Bd2 28. Ra1 Bxf4 29. Rxa5 g5 30. Kg2 Ne5 31. Bb5 Re7 32. Bg3 Ng6 33. Bc4 Re3 34. Bf2 Rc3 35. Be1 Rc2+ 36. Rf2 Nh4+ 37. Kf1 Rc1 38. Raa2 Bg3 39. Rac2 Rd1 40. Rcd2 Rxd2 41. Bxd2 Bxf2 42. Kxf2 h6 43. Ba5 Rb7 44. Ke3 Ng6 45. Ke4 Re7+ 0-1

[Event "5th Schach960-Festival 2024"]
[Site "Berlin"]
[Date "2024.02.09"]
[Round "1.2"]
[White "Kollars, Dmitrij"]
[Black "Zenker, Ulrich"]
[Result "1-0"]
[WhiteElo "2632"]
[BlackElo "2115"]
[Annotator "TA"]
[PlyCount "93"]
[EventDate "2024.02.08"]
[EventCountry "GER"]
[SourceTitle "playchess.com"]
[Source "ChessBase"]
[SourceQuality "1"]
[TimeControl "1500+30"]

1. c4 e5 2. g3 Nf6 3. Bg2 d5 4. cxd5 Nxd5 5. Nf3 Nc6 6. O-O Nb6 7. Nc3 Be7 {[%emt 0:00:00] ?ev?.} 8. b3 Bf5 9. Bb2 O-O 10. d3 Qc8 11. a4 a5 12. Nb5 f6 13. d4 Rd8 14. Qc1 exd4 15. Nfxd4 Nxd4 16. Nxd4 Bg6 17. Rd1 Nd5 18. h4 Nb4 19. Kh2 c5 20. Bh3 Qc7 21. Qc4+ Bf7 22. Ne6 Qb6 23. Qg4 Qxe6 24. Qxe6 Bxe6 25. Bxe6+ Kf8 26. h5 Nc2 27. Rac1 Nd4 28. Bc4 Rd6 29. Kg2 Rad8 30. Bc3 Nc6 31. Rxd6 Rxd6 32. Bd3 h6 33. f4 Nb4 34. Bb1 b6 35. Kf3 Nc6 36. e3 Nb4 37. g4 Nd3 38. Rf1 Nb4 39. Ke2 Kg8 40. Bg6 Rd8 41. Bf5 Kf7 42. Bd2 Rd6 43. Rc1 Rd8 44. Rc4 Rd6 45. Re4 Ke8 46. Re6 c4 47. bxc4 1-0

[Event "5th Schach960-Festival 2024"]
[Site "Berlin"]
[Date "2024.02.09"]
[Round "1.3"]
[White "Bastians, Felix"]
[Black "Fedorchuk, Sergey A."]
[Result "0-1"]
[WhiteElo "2157"]
[BlackElo "2550"]
[Annotator "TA"]
[PlyCount "83"]
[EventDate "2024.02.08"]
[EventCountry "GER"]
[SourceTitle "playchess.com"]
[Source "ChessBase"]
[SourceQuality "1"]
[TimeControl "1500+30"]

1. c4 Nf6 2. Nc3 c5 3. Nf3 Nc6 4. d4 cxd4 5. Nxd4 e6 6. g3 d5 7. Bg2 Bc5 8. Nxc6 {[%emt 0:00:00] The position is equal.} bxc6 9. O-O O-O 10. Qc2 Be7 {[%emt 0:00:00] ?ev?.} 11. Rd1 Qa5 12. b3 Qa6 13. Bb2 Rd8 14. Na4 Bb7 15. c5 Qa5 16. Bc3 Qc7 17. Qb2 Ba6 18. Rac1 Nd7 19. Bxg7 Bxe2 20. Re1 Bh5 21. Bc3 Bg6 22. Qd2 Re8 23. f4 Bf6 24. Bxf6 Nxf6 25. Nc3 Rad8 26. b4 Ne4 27. Nxe4 dxe4 28. Qb2 f5 29. a4 e5 30. fxe5 Qxe5 31. Qxe5 Rxe5 32. Bf1 Rb8 33. b5 Be8 34. Red1 Kf8 35. Rd6 Ke7 36. bxc6 Rxc5 37. Rd7+ Bxd7 38. Rxc5 Rc8 39. Bb5 Rc7 40. Re5+ Be6 41. Bc4 Rxc6 42. Bxe6 {[%emt 0:00:02] Black got outplayed after the opening.   Weighted Error Value: White=0.07 (flawless) /Black=0.12 (very precise) .  Inaccurate:     	White=1     	Black=1      OK:         	---       	Black=1} 0-1

[Event "5th Schach960-Festival 2024"]
[Site "Berlin"]
[Date "2024.02.09"]
[Round "1.4"]
[White "Azarov, Sergei"]
[Black "Agafonov, Yuri Dr"]
[Result "1-0"]
[WhiteElo "2596"]
[BlackElo "2063"]
[Annotator "TA"]
[PlyCount "86"]
[EventDate "2024.02.08"]
[EventCountry "GER"]
[SourceTitle "playchess.com"]
[Source "ChessBase"]
[SourceQuality "1"]
[TimeControl "1500+30"]

1. d4 Nf6 2. Nf3 d5 3. c4 e6 4. Nc3 c6 5. cxd5 exd5 6. Bg5 Be7 7. e3 Nbd7 8. Qc2 {[%emt 0:00:00] White has an edge.} Nh5 9. Bxe7 Qxe7 10. Be2 g6 11. g4 Ng7 12. h4 (12. Kc1 $14 {is superior.}) 12... Nb6 13. Ne5 Be6 14. Nd3 h5 15. gxh5 Nxh5 16. Nc5 Bf5 17. Qb3 Ng7 18. a4 Rb8 19. a5 Nd7 20. Nxd7 Bxd7 21. Qa3 Qxa3 22. bxa3 Ke7 23. Kd2 Rbe8 24. Rab1 Bc8 25. Bf3 Rh6 26. e4 dxe4 {[%emt 0:00:33] Black converts the advantage convincingly.} 27. Bxe4 Rd8 28. Ke3 (28. Rb4 $17 {was necessary.}) 28... Rh5 $19 29. a4 Rxa5 30. Rhd1 Nf5+ 31. Bxf5 Rxf5 32. Rb4 Rh5 33. d5 cxd5 34. Rbd4 Be6 35. Rb1 b6 36. a5 Rc8 ({Resist} 36... bxa5 37. Rb7+ Rd7 38. Rb5 $19) 37. axb6 Rxc3+ 38. Kd2 {[%emt 0:00:10] [#]} Rc8 $1 39. bxa7 {[%emt 0:00:07] And now Rb8 would win.} Ra8 40. Ra4 Rhh8 {[%emt 0:00:30] Wards off Rb8} 41. Rb7+ Kd6 42. Ra6+ Ke5 43. Rab6 (43. Ke3 $142) 43... Rxh4 {[%emt 0:00:00][%mdl 32768] Weighted Error Value: White=0.20 (precise) /Black=0.05 (flawless) .  Mistake:       	White=3     	---        Inaccurate:     	White=4     	Black=1      OK:         	White=9     	Black=15     Best:        	White=4     	Black=3      Strong:       	---       	Black=1     . Loss on time!?} 1-0

[Event "5th Schach960-Festival 2024"]
[Site "Berlin"]
[Date "2024.02.09"]
[Round "1.5"]
[White "Piz, Maxim"]
[Black "Fridman, Daniel"]
[Result "0-1"]
[ECO "E04"]
[WhiteElo "2149"]
[BlackElo "2588"]
[Annotator "ChessBase"]
[PlyCount "104"]
[EventDate "2024.02.08"]
[EventCountry "GER"]
[SourceTitle "playchess.com"]
[Source "ChessBase"]
[SourceQuality "1"]
[TimeControl "1500+30"]

1. Nf3 d5 2. g3 Nf6 3. Bg2 c5 4. O-O Nc6 5. d4 e6 6. c4 dxc4 7. Qa4 Bd7 8. Qxc4 b5 9. Qd3 c4 10. Qc2 Be7 11. Nc3 O-O 12. Bg5 Qb6 13. a3 Rac8 14. e4 b4 15. axb4 Nxb4 16. Qe2 h6 17. Be3 Ng4 18. Bc1 Nf6 19. Be3 Ng4 20. Bc1 Nf6 21. Rd1 a6 22. Ne5 Bb5 23. Be3 Rfd8 24. d5 Bc5 25. Nxf7 Kxf7 26. dxe6+ Kg8 27. e5 Bxe3 28. exf6 Qxe6 29. fxg7 Bxf2+ 30. Kxf2 Nd3+ 31. Kg1 Qb6+ 32. Kf1 Qf6+ 33. Bf3 Ne5 34. Nxb5 axb5 35. Ra3 Rd3 36. Rdxd3 cxd3 37. Rxd3 Nxd3 38. Qxd3 Rd8 39. Qe2 Kxg7 40. Kg2 Qg5 41. Qe6 Rd2+ 42. Kh3 Qf6 43. Qg4+ Kf7 44. Qh5+ Kg7 45. Qg4+ Kh8 46. b4 Rd4 47. Qc8+ Qd8 48. Qe6 Kg7 49. Bc6 Qg5 50. Be8 Qf6 51. Qxf6+ Kxf6 52. Bxb5 Rxb4 0-1

[Event "5th Schach960-Festival 2024"]
[Site "Berlin"]
[Date "2024.02.09"]
[Round "1.6"]
[White "Kunin, Vitaly"]
[Black "Bolk, Matthias"]
[Result "1-0"]
[WhiteElo "2521"]
[BlackElo "2099"]
[Annotator "RC"]
[PlyCount "59"]
[EventDate "2024.02.08"]
[EventCountry "GER"]
[SourceTitle "playchess.com"]
[Source "ChessBase"]
[SourceQuality "1"]
[TimeControl "1500+30"]

1. e4 c6 2. d4 d5 3. e5 Bf5 4. h4 h5 5. Bd3 Bxd3 6. Qxd3 Qa5+ 7. b4 Qa6 8. e6 Qxd3 9. cxd3 fxe6 10. Nd2 e5 11. dxe5 e6 12. Rb1 Nh6 13. Ndf3 Nf5 14. Ne2 Na6 15. Bd2 Be7 16. d4 Nc7 17. g3 g6 18. O-O Kd7 19. a4 Rab8 20. Rfc1 Na8 21. Nf4 Rhg8 22. Nd3 Nb6 23. Nb2 Rgf8 24. Kg2 Rf7 25. Ra1 Rbf8 26. Rf1 Ng7 27. Ng1 Nf5 28. Nf3 Ng7 29. Ng1 Nf5 30. Nf3 1-0

[Event "5th Schach960-Festival 2024"]
[Site "Berlin"]
[Date "2024.02.09"]
[Round "1.7"]
[White "Thomsen, Phil"]
[Black "Van den Doel, Erik"]
[Result "0-1"]
[WhiteElo "2102"]
[BlackElo "2551"]
[Annotator "TA"]
[PlyCount "81"]
[EventDate "2024.02.08"]
[EventCountry "GER"]
[SourceTitle "playchess.com"]
[Source "ChessBase"]
[SourceQuality "1"]
[TimeControl "1500+30"]

1. d4 Nf6 2. c4 e6 3. Nc3 Bb4 4. e3 O-O 5. Bd3 c5 6. Nf3 d5 7. O-O dxc4 8. Bxc4 Nbd7 9. a3 cxd4 10. axb4 dxc3 11. bxc3 Qc7 12. Bd3 Qxc3 13. Rb1 Qc7 14. Bb2 a5 15. Rc1 Qb8 16. b5 e5 17. Bb1 b6 18. Ba3 Nc5 19. Bxc5 bxc5 20. Rxc5 Re8 21. Ng5 h6 22. Ne4 Nxe4 23. Bxe4 Bb7 24. Bc6 Bxc6 25. bxc6 a4 26. c7 Qb6 27. Qd5 Rac8 28. Rfc1 Qb3 29. Qxb3 axb3 30. Rb5 f6 31. Rxb3 Kf7 32. g4 Re7 {[%emt 0:01:03][%mdl 4096] Endgame.} 33. Rbc3 Rd7 34. Kg2 Kg6 35. Rc5 {[%emt 0:02:25] ?ev?.} h5 36. gxh5+ Kxh5 37. f4 Kg6 38. fxe5 fxe5 39. Kf3 Kf5 40. Rc6 Rf7 41. h4 0-1

[Event "5th Schach960-Festival 2024"]
[Site "Berlin"]
[Date "2024.02.09"]
[Round "1.8"]
[White "Orlov, Andrey"]
[Black "Bartelt, Max Peter"]
[Result "1-0"]
[WhiteElo "2487"]
[BlackElo "2059"]
[Annotator "TA"]
[PlyCount "110"]
[EventDate "2024.02.08"]
[EventCountry "GER"]
[SourceTitle "playchess.com"]
[Source "ChessBase"]
[SourceQuality "1"]
[TimeControl "1500+30"]

1. d4 Nf6 2. c4 e6 3. Nf3 d5 4. e3 b6 5. b3 Bb7 6. Bd3 Bd6 7. O-O O-O 8. cxd5 {[%emt 0:00:00] The position is equal.} exd5 9. Ba3 c5 10. dxc5 bxc5 {[%emt 0:00:00] ?ev?.} 11. Nc3 Nbd7 12. Rc1 Re8 13. Re1 Rc8 14. Bf5 Qe7 15. g3 Rcd8 16. Bh3 a6 17. Bg2 Nf8 18. Na4 Ne6 19. Qc2 d4 20. Rcd1 Be4 21. Qe2 d3 22. Qf1 Bxf3 23. Bxf3 c4 24. Bxd6 Qxd6 25. bxc4 Ng5 26. Qg2 Nxf3+ 27. Qxf3 Qb4 28. Qc6 Rc8 29. Qxa6 Ra8 30. Qb5 Qxa4 31. Rxd3 Qxa2 32. Rb1 Rac8 33. Rd4 Ne4 34. Rb2 Qa8 35. Qb7 Qxb7 36. Rxb7 Nc5 37. Ra7 Ne6 38. Re4 Rc5 39. g4 Rec8 40. f4 g6 41. Ra4 Rg5 42. fxg5 Nc5 43. Rd4 Nxa4 44. Kf2 Nc5 45. h4 Ne6 46. Re4 Rc5 47. Ke2 Kf8 48. Kd2 Ke7 49. Kc3 Kd6 50. Kb4 Rc7 51. Kc3 Rc8 52. Kb4 Rb8+ 53. Kc3 Rb1 54. h5 Rh1 55. Kb4 gxh5 {[%emt 0:00:00] Black got outplayed after the opening.   OK:         	---       	Black=1} 1-0

[Event "5th Schach960-Festival 2024"]
[Site "Berlin"]
[Date "2024.02.09"]
[Round "1.9"]
[White "Maniocha, Andrzej"]
[Black "Shchekachev, Andrei"]
[Result "0-1"]
[ECO "C92"]
[WhiteElo "2066"]
[BlackElo "2506"]
[Annotator "TA"]
[PlyCount "79"]
[EventDate "2024.02.08"]
[EventCountry "GER"]
[SourceTitle "playchess.com"]
[Source "ChessBase"]
[SourceQuality "1"]
[TimeControl "1500+30"]

1. e4 e5 2. Nf3 Nc6 3. Bb5 a6 4. Ba4 Nf6 5. O-O Be7 6. Re1 b5 7. Bb3 d6 8. c3 O-O 9. h3 Bb7 10. d4 Re8 11. Ng5 Rf8 12. Nf3 Re8 13. Nbd2 exd4 14. cxd4 Nd7 15. Nf1 Na5 {[%emt 0:00:00] White has an edge.} 16. Bc2 Bf6 17. N1h2 c5 18. d5 Nc4 19. Rb1 Nde5 20. Nxe5 Nxe5 21. f4 Ng6 22. Be3 Bc8 (22... Bh4 $11) 23. Qh5 Bd7 24. Ng4 (24. Nf3 {is more appropriate.} Nh4 25. Nd2 (25. Nxh4 Bxh4 26. Rf1 Bf6 $11)) 24... Bxg4 $11 25. hxg4 Qa5 $1 26. Rf1 {[%emt 0:15:34] [#]} (26. g5 $15 Bxb2 27. e5 dxe5 (27... Qxa2 28. Qd1 $17) 28. f5) 26... Bxb2 $2 {[%emt 0:00:00][%mdl 8192] A mistake that costs the game.} 27. Rxb2 $18 Qc3 28. Bc1 Qd4+ 29. Kh2 c4 30. Qh3 c3 31. Rb3 {[%emt 0:02:28] White is clearly winning.} ({Not} 31. Be3 Qc4 32. Rbb1 a5 $18) 31... b4 32. Qe3 Qc5 33. Qxc5 dxc5 34. Be3 Rec8 35. Rbb1 a5 36. Ba4 Ra7 37. d6 Nf8 38. Rbd1 Nd7 39. Rd5 Nf6 40. Rxc5 {[%emt 0:01:21][%mdl 32768] Weighted Error Value: White=0.08 (flawless) /Black=0.30.  Loses game:     	---       	Black=1      Mistake:       	White=2     	Black=1      Inaccurate:     	White=1     	Black=1      OK:         	White=16    	Black=12     Best:        	---       	Black=1      Strong:       	---       	Black=1     . Loss on time!?} 0-1

[Event "5th Schach960-Festival 2024"]
[Site "Berlin"]
[Date "2024.02.09"]
[Round "1.10"]
[White "Chatalbashev, Boris"]
[Black "Federau, Juergen"]
[Result "1-0"]
[WhiteElo "2457"]
[BlackElo "2124"]
[Annotator "RC"]
[PlyCount "68"]
[EventDate "2024.02.08"]
[EventCountry "GER"]
[SourceTitle "playchess.com"]
[Source "ChessBase"]
[SourceQuality "1"]
[TimeControl "1500+30"]

1. d4 Nf6 2. c4 e6 3. Nf3 d5 4. Bg5 dxc4 5. Qa4+ Nbd7 6. Nc3 a6 7. g3 Be7 8. Bxf6 gxf6 9. Bg2 b5 10. Qc2 c6 11. O-O Bb7 12. e4 Qc7 13. Rfd1 O-O-O 14. a4 Kb8 15. d5 Bc5 16. dxc6 Qxc6 17. axb5 axb5 18. Ra5 b4 19. Na4 Bb6 20. Nd4 Bxd4 21. Rxd4 Nb6 22. Rxd8+ Rxd8 23. Nc5 Qd6 24. Bf3 Qd2 25. Qxd2 Rxd2 26. Rb5 c3 27. bxc3 bxc3 28. Rxb6 Rb2 29. Nb3 e5 30. Rb4 c2 31. Rc4 Rxb3 32. Kg2 Rb2 33. Rc3 Ba6 34. Bh5 Bd3 1-0

[Event "5th Schach960-Festival 2024"]
[Site "Berlin"]
[Date "2024.02.09"]
[Round "2.1"]
[White "Bluebaum, Matthias"]
[Black "Zatonskih, Anna"]
[Result "1/2-1/2"]
[ECO "C20"]
[WhiteElo "2655"]
[BlackElo "2347"]
[Annotator "TA"]
[PlyCount "24"]
[EventDate "2024.02.08"]
[EventCountry "GER"]
[SourceTitle "playchess.com"]
[Source "ChessBase"]
[SourceQuality "1"]
[TimeControl "1500+30"]

1. e4 e5 2. g3 a5 3. f4 a4 4. Bg2 d6 5. g4 g5 $2 {[%emt 0:00:00] [#]} ({Black should play} 5... Qh4+ $17 6. Kf1 Bxg4 (6... Qxg4 7. Qxg4 Bxg4 8. Ne2 $17)) 6. Na3 $2 (6. f5 $11) 6... Ke7 $2 (6... exf4 7. d4 $17) (6... gxf4 $19 {Strongly threatening ...Qh4+.} 7. h4 h6) 7. Ke2 $2 (7. fxg5 $16 {and life is bright. Threatens to win with h3.} Nc6 8. h3) 7... Kf6 $2 (7... Bxg4+ 8. Bf3 Bxf3+ 9. Nxf3) (7... gxf4 $19 8. Bf3 Nc6) 8. Kd3 $2 (8. f5 $16 {stays on course.}) 8... c5 $2 (8... gxf4 $17 {And now ...Kg7 would win.} 9. c3 d5 (9... h5 10. gxh5 Ke7 11. Kc2 $17)) 9. Kc3 $2 {[%emt 0:00:59][%mdl 8192] [#]} (9. fxg5+ $14 {keeps the upper hand.} Kg7 10. c3) 9... Ra7 $2 (9... gxf4 10. b3 $17) (9... exf4 $19 {[%cal Ob7b5] ...b5! would now be deadly.} 10. h4 b5) 10. Kd3 $2 (10. fxg5+ $11 Kg7 11. b3) 10... Ra8 $2 (10... exf4 11. h4 $15) (10... c4+ $19 11. Nxc4 gxf4) 11. Kc4 $2 (11. fxg5+ $16 Kg7 12. Nc4) 11... Kg7 ({Don't play} 11... gxf4 12. Kd3 $19) (11... exf4 $142 12. h4 Kg7 13. hxg5 Nc6 (13... Qxg5 14. Nf3 $17)) 12. Kd3 (12. f5 {might work better.}) 12... Kf6 $2 {[%emt 0:00:00] Weighted Error Value: White=2.53/Black=2.39.  Loses game:     	White=4     	---        Missed win:     	---       	Black=5      Mistake:       	White=2     	Black=2} ({Don't do} 12... gxf4 13. c3 $19) ({Better is} 12... exf4 $19 13. h4 Nc6 (13... gxh4 14. c3 $17)) 1/2-1/2

[Event "5th Schach960-Festival 2024"]
[Site "Berlin"]
[Date "2024.02.09"]
[Round "2.3"]
[White "Fedorchuk, Sergey A."]
[Black "Paulsen, Dirk"]
[Result "1-0"]
[WhiteElo "2550"]
[BlackElo "2293"]
[Annotator "TA"]
[PlyCount "16"]
[EventDate "2024.02.08"]
[EventCountry "GER"]
[SourceTitle "playchess.com"]
[Source "ChessBase"]
[SourceQuality "1"]
[TimeControl "1500+30"]

1. f4 f6 2. Nc3 e5 3. g3 d5 4. fxe5 fxe5 5. Bh3 Bd7 (5... Nf6 $17 {White must now prevent ...Bc5.} 6. Bg2 Bc5) 6. Bxd7+ (6. Nxd5 $2 {loses.} Bxh3 7. Nxc7+ Qxc7 $19) (6. e4 $14 Nf6 7. Nxd5 (7. exd5 Bc5 $15)) 6... Kxd7 (6... Qxd7 $15 {keeps the upper hand.} 7. e4 d4 8. Qh5+ Kd8) 7. a4 ({White should try} 7. d4 $16) 7... e4 {[%emt 0:11:10] [#]} (7... Nf6 $11 {keeps the balance.}) 8. a5 ({Don't take} 8. Nxd5 $6 Kc8 9. Nf4 g5 $14) (8. d3 $1 $16) 8... Na6 {[%emt 0:00:00] Black did not feel at home in the position after the opening.   Weighted Error Value: White=1.10/Black=1.42.  Mistake:       	White=2     	Black=3} (8... Kc8 $11) 1-0

[Event "5th Schach960-Festival 2024"]
[Site "Berlin"]
[Date "2024.02.09"]
[Round "2.5"]
[White "Fridman, Daniel"]
[Black "Modler, Andreas"]
[Result "1-0"]
[ECO "A00"]
[WhiteElo "2588"]
[BlackElo "2232"]
[Annotator "TA"]
[PlyCount "24"]
[EventDate "2024.02.08"]
[EventCountry "GER"]
[SourceTitle "playchess.com"]
[Source "ChessBase"]
[SourceQuality "1"]
[TimeControl "1500+30"]

1. Nc3 Nc6 2. f4 f5 3. g4 g6 4. Bh3 fxg4 5. Bxg4 {[%emt 0:00:03] [#]} Bg7 (5... e5 $142 $1 {...Qh4+ is the strong threat.} 6. h4 Nh6 (6... exf4 7. d4 $11)) 6. e4 e5 7. fxe5 $2 (7. h4 $17 {is more resistant.}) 7... Nxe5 $2 (7... Qh4+ 8. Kf1 Nh6 (8... Bxe5 $2 9. h3 $19)) 8. Nb5 $2 (8. h4) 8... Nc6 $2 (8... Qh4+ 9. Kf1 Nxg4 (9... Qxg4 10. Nxc7+ Kd8 11. Qxg4 $17)) 9. Nxa7 $2 (9. h4 Nf6 10. d4) 9... Nxa7 {[%emt 0:00:00] Black is clearly winning.} 10. Be6 (10. h4 $142 d5 11. d3) 10... dxe6 11. e5 Bf8 {[%emt 0:09:13] [#] aiming for ...Qh4+.} 12. d4 Ba3 {[%emt 0:00:00][%mdl 32768] White did not feel at home in the position after the opening.   Weighted Error Value: White=3.18/Black=2.32.  Loses game:     	White=1     	---        Mistake:       	White=3     	Black=2      Inaccurate:     	White=1     	---        OK:         	---       	Black=1     . Loss on time!?} 1-0

[Event "5th Schach960-Festival 2024"]
[Site "Berlin"]
[Date "2024.02.09"]
[Round "2.6"]
[White "Kracht, Raphael"]
[Black "Kunin, Vitaly"]
[Result "0-1"]
[WhiteElo "2144"]
[BlackElo "2521"]
[Annotator "TA"]
[PlyCount "18"]
[EventDate "2024.02.08"]
[EventCountry "GER"]
[SourceTitle "playchess.com"]
[Source "ChessBase"]
[SourceQuality "1"]
[TimeControl "1500+30"]

1. Nc3 d6 2. d4 g6 3. g4 Bd7 4. Bd2 b5 5. h3 {[%emt 0:02:11] [#]} g5 $2 6. h4 ({White should play} 6. Bxg5 $18 {e3 would now be deadly.} Bg7 7. Nf3) 6... Bh6 (6... gxh4 $16 {keeps fighting.} 7. g5 (7. Rxh4 b4 $11) 7... Bg7) 7. d5 ({Don't take} 7. Bxg5 Bg7) 7... e6 8. f3 a5 {[%emt 0:05:44] [#]} (8... Bg7 $16 {is a better defense.}) 9. Na4 $4 bxa4 {[%emt 0:00:00] Weighted Error Value: White=1.86/Black=1.09.  Missed win:     	White=1     	---        Mistake:       	---       	Black=2      Best:        	---       	Black=1} 0-1

[Event "5th Schach960-Festival 2024"]
[Site "Berlin"]
[Date "2024.02.09"]
[Round "2.7"]
[White "Van den Doel, Erik"]
[Black "Loew, Gerald"]
[Result "1/2-1/2"]
[WhiteElo "2551"]
[BlackElo "2167"]
[Annotator "TA"]
[PlyCount "19"]
[EventDate "2024.02.08"]
[EventCountry "GER"]
[SourceTitle "playchess.com"]
[Source "ChessBase"]
[SourceQuality "1"]
[TimeControl "1500+30"]

1. f4 f5 2. Nc3 Nc6 3. g3 e5 4. fxe5 Nxe5 5. Bg2 {[%emt 0:04:25] [#]} d5 6. Nb5 $2 ({Don't take} 6. Bxd5 Nf6 7. Bg2 c6 $14) (6. Nxd5 c6 $14) (6. d4 $16) 6... Qd7 (6... c6 $17 7. Nd4 f4) 7. a4 $15 c5 $2 (7... c6 $15 8. Nd4 f4) 8. b3 (8. d4 $16 Ng6 9. dxc5) 8... d4 (8... a6 $11 9. Bb2 Ng4 (9... axb5 10. Bxe5 d4 11. axb5 $16)) 9. c4 $2 {[%emt 0:04:39] [#]} (9. e3 $16 {keeps the pressure on.}) 9... Qe7 ({Better is} 9... a6 $17 10. Na3 Bd6) 10. Ra2 {[%emt 0:00:59] Weighted Error Value: White=1.55/Black=1.19.  Mistake:       	White=3     	Black=4      OK:         	White=1     	---} (10. Ba3 $11 {keeps the balance.}) 1/2-1/2

[Event "5th Schach960-Festival 2024"]
[Site "Berlin"]
[Date "2024.02.09"]
[Round "2.9"]
[White "Shchekachev, Andrei"]
[Black "Quilter, Thomas A"]
[Result "1-0"]
[WhiteElo "2506"]
[BlackElo "2162"]
[Annotator "TA"]
[PlyCount "14"]
[EventDate "2024.02.08"]
[EventCountry "GER"]
[SourceTitle "playchess.com"]
[Source "ChessBase"]
[SourceQuality "1"]
[TimeControl "1500+30"]

1. f4 f5 2. Nc3 Nc6 3. g3 g5 4. Bg2 Bh6 5. Bxc6 dxc6 6. d3 (6. e4 $16) 6... Qd5 $2 {[%emt 0:07:06][%mdl 8192] [#]} 7. b3 $4 (7. Nxd5 $18 cxd5 8. fxg5) 7... Qf7 $2 {[%emt 0:00:00] Loses game:     	---       	Black=1      Missed win:     	White=1     	Black=1} ({Better is} 7... Qxh1 $19 8. Be3 Qxh2) 1-0

[Event "5th Schach960-Festival 2024"]
[Site "Berlin"]
[Date "2024.02.09"]
[Round "2.10"]
[White "Elier, Ali"]
[Black "Chatalbashev, Boris"]
[Result "0-1"]
[WhiteElo "2181"]
[BlackElo "2457"]
[Annotator "TA"]
[PlyCount "19"]
[EventDate "2024.02.08"]
[EventCountry "GER"]
[SourceTitle "playchess.com"]
[Source "ChessBase"]
[SourceQuality "1"]
[TimeControl "1500+30"]

1. f4 f6 2. Nc3 e5 3. fxe5 fxe5 4. a4 Nc6 5. e4 Bb4 {[%emt 0:08:54] ...Bxc3 would now be deadly.} 6. b3 $2 (6. Nf3 $14 {stays ahead.}) 6... a5 $2 (6... Bxc3 $19 7. dxc3 Qh4+ 8. Ke2 Qxe4+ 9. Kf2 Qf5+ 10. Ke1 Nf6) 7. Ba3 $2 {[%emt 0:00:49] [#]} (7. Nf3 $11) 7... d5 $2 {[%emt 0:00:00] [#]} 8. d3 $2 dxe4 $2 (8... Bxc3+ $19 9. Kf2 dxe4) 9. d4 $2 (9. Bxb4 $17 axb4 10. Nxe4) 9... e3 $2 (9... Bxc3+ $19 {and Black stays clearly on top.} 10. Kf2 Qf6+ (10... Qxd4+ $2 11. Qxd4 Bxd4+ 12. Ke1 $19) (10... Bxd4+ $2 11. Ke1 $19) 11. Nf3 Bxd4+ (11... exf3 $2 12. Qxf3 Bxd4+ 13. Ke1 $19) 12. Ke1 exf3 13. Qxf3 Qxf3 (13... Bxa1 $2 14. Qg3 $19) 14. gxf3 Bxa1) 10. Qd2 $2 {[%emt 0:00:00][%mdl 8192] Weighted Error Value: White=2.86/Black=2.78.  Loses game:     	White=3     	---        Missed win:     	---       	Black=2      Mistake:       	White=1     	Black=1} 0-1

[Event "5th Schach960-Festival 2024"]
[Site "Berlin"]
[Date "2024.02.10"]
[Round "3.1"]
[White "Kollars, Dmitrij"]
[Black "Dgebuadze, Alexandre"]
[Result "0-1"]
[ECO "D00"]
[WhiteElo "2632"]
[BlackElo "2441"]
[Annotator "TA"]
[PlyCount "27"]
[EventDate "2024.02.08"]
[EventCountry "GER"]
[SourceTitle "playchess.com"]
[Source "ChessBase"]
[SourceQuality "1"]
[TimeControl "1500+30"]

1. d4 d5 2. Bf4 Bf5 3. c3 Bc2 4. f3 Nf6 5. e4 dxe4 $4 {[%emt 0:07:40][%mdl 8192] [#]} (5... Bxd1 $19 {and life is good for Black.} 6. Kxd1 dxe4) 6. fxe4 $4 e5 $2 {[%emt 0:02:27] [#]} (6... Bxe4 7. Nd2 $15) ({Black should play} 6... Bxd1 $19 7. Kxd1 Nxe4) 7. Bd3 $2 exf4 $2 {[%emt 0:02:08] [#]} (7... Bxd1 $19 8. Bxe5 Nc6 9. Bxf6 Qxf6 10. Kxd1 Nxd4) 8. Bc4 $2 {[%emt 0:00:06][%mdl 8192] [#]} Ng4 $2 9. a4 $2 b5 $2 (9... Bxe4 10. Qxg4 Qd7 11. Qe2 $11) (9... Bxd1 $19 10. Nd2 Ne3 11. Rxd1 Qh4+ (11... Nxg2+ $2 12. Kf2 $19) (11... Nxd1 $2 12. Kxd1 c5 13. d5 $19) 12. Ke2 Qg4+ 13. Ngf3 Nxc4 (13... Qxg2+ $2 14. Kd3 $19)) 10. Bd3 $2 f6 $2 {[%emt 0:06:31] [#]} (10... Qh4+ $19 11. g3 fxg3 12. Bxb5+ c6) 11. d5 $2 f5 $2 (11... Bxd1 12. Kxd1 Nf2+ 13. Ke2 Nxh1) 12. Kf1 $2 (12. Bxc2 Bc5 13. Nf3) 12... g5 13. c4 bxc4 14. Bxc4 {[%emt 0:00:00] White did not feel at home in the position after the opening.   Weighted Error Value: White=4.00/Black=4.00.  Loses game:     	White=5     	---        Mistake:       	White=1     	---        Inaccurate:     	White=1     	---} 0-1